 Dungeon Crawl Stone Soup version 0.30-a0-778-g2ef04afb54 (webtiles) character file.

Game seed: 10990022209054784376

8295 Beavis the Fighter (level 11, -7/91 HPs)
             Began as a Demonspawn Hunter on Feb 16, 2023.
             Was an Elder of Vehumet.
             Mangled by a manticore (25 damage)
             ... on level 9 of the Dungeon.
             The game lasted 00:11:12 (7946 turns).

Beavis the Fighter (Demonspawn Hunter)              Turns: 7946, Time: 00:11:12

Health: -7/91      AC: 11    Str: 12    XL:     11   Next: 8%
Magic:  11/11      EV: 22    Int: 15    God:    Vehumet [****..]
Gold:   464        SH:  0    Dex: 16    Spells: 9/10 levels left

rFire   + . .      SeeInvis .    a - +0 shortbow (chaos)
rCold   . . .      Faith    .    (shield currently unavailable)
rNeg    . . .      Spirit   .    u - +2 robe {rF+}
rPois   .          Reflect  .    (no helmet)
rElec   .          Harm     .    (no cloak)
rCorr   .          Rampage  .    (no gloves)
Will    .....                    (no boots)
Stlth   ++                       (no amulet)
HPRegen 0.35/turn                j - +5 ring of evasion
MPRegen 0.12/turn                v - +4 ring of protection

@: about to teleport, spiked
A: claws 2, slimy green scales 2, powered by pain 1
a: Renounce Religion


You were on level 9 of the Dungeon.
You worshipped Vehumet.
Vehumet was greatly pleased with you.
You visited 1 branch of the dungeon, and saw 9 of its levels.

You collected 464 gold pieces.

Inventory:

Hand Weapons
 a - a +0 shortbow of chaos (weapon)
Missiles
 n - a throwing net (quivered)
Armour
 c - a +1 leather armour
 u - a +2 robe of fire resistance (worn)
Magical Staves
 A - a staff of conjuration
Jewellery
 f - a ring of fire
 j - a +5 ring of evasion (left claw)
 s - a ring of flight
 v - a +4 ring of protection (right claw)
 B - a ring of poison resistance
 C - a ring of see invisible
 E - an amulet of magic regeneration
Wands
 e - a wand of digging (2)
 t - a wand of polymorph (8)
Scrolls
 b - 2 scrolls of immolation
 g - 3 scrolls of teleportation
 i - 2 scrolls of enchant armour
 y - 2 scrolls of magic mapping
 F - 3 scrolls of amnesia {unknown}
Potions
 d - a potion of flight
 h - 2 potions of resistance
 k - 3 potions of curing
 l - 2 potions of magic {unknown}
 m - 4 potions of mutation {unknown}
 o - a potion of haste {unknown}
 p - 3 potions of degeneration {unknown}
 q - a potion of attraction {unknown}
 r - 2 potions of lignification {unknown}
 w - a potion of cancellation {unknown}
 x - 2 potions of ambrosia {unknown}
 z - a potion of might {unknown}
 D - a potion of brilliance {unknown}


   Skills:
 + Level 10.2 Fighting
 + Level 9.9 Ranged Weapons
 + Level 9.4 Dodging
 - Level 0.8 Stealth


You had 9 spell levels left.
You knew the following spells:

 Your Spells              Type           Power      Damage    Failure   Level
a - Foxfire               Conj/Fire      0%         2x1d4     7%          1

Your spell library contained the following spells:

 Spells                   Type           Power      Damage    Failure   Level
 Mephitic Cloud           Conj/Pois/Air  0%         N/A       21%         3
 Poisonous Vapours        Pois/Air       0%         N/A       11%         2
 Apportation              Tloc           0%         N/A       26%         1
 Beastly Appendage        Tmut           0%         N/A       26%         1
 Sting                    Tmut/Pois      0%         1d3       26%         1
 Summon Small Mammal      Summ           0%         N/A       26%         1
 Wereblood                Tmut           0%         N/A       38%         2
 Olgreb's Toxic Radiance  Pois           0%         N/A       54%         4
 Call Canine Familiar     Summ           0%         N/A       63%         3
 Ozocubu's Armour         Ice            0%         N/A       63%         3
 Spider Form              Tmut/Pois      0%         N/A       63%         3
 Summon Guardian Golem    Hex/Summ       0%         N/A       63%         3
 Tukima's Dance           Hex            0%         N/A       63%         3
 Yara's Violent Unravell  Hex/Tmut       0%         3d3       85%         5
 Passage of Golubria      Tloc           0%         N/A       95%         4
 Alistair's Intoxication  Tmut/Pois      0%         N/A       100%        5
 Metabolic Englaciation   Hex/Ice        0%         N/A       100%        5
 Simulacrum               Ice/Necr       0%         N/A       100%        6


Dungeon Overview and Level Annotations

Branches:
Dungeon (9/15)             Temple (0/1) D:4
   Lair: D:8-11         Orc: D:9-12

Altars:
Ashenzari
Sif Muna
Vehumet
Xom

Shops:
D:5 (   D:7 *

Annotations:
D:4 1 runed translucent door, Crazy Yiuf


Innate Abilities, Weirdness & Mutations

You have very sharp fingernails.
You are mostly covered in slimy green scales. (AC +3)
You sometimes gain a little power by taking damage.


Message History

You are too injured to fight recklessly!
You are too injured to fight recklessly!
You are too injured to fight recklessly!
You are too injured to fight recklessly!
You are too injured to fight recklessly!
You are too injured to fight recklessly!
You are too injured to fight recklessly!
The manticore flicks its tail.
The volley of spikes hits you!
The barbed spikes become lodged in your body.
* * * LOW HITPOINT WARNING * * *
The howler monkey hoots and howls with incredible vigour!
Throw: 2 throwing nets
Press: ? - help, Q - select action, (/) - cycle Shift-Dir - straight line, f/p - manticore
Aim: a manticore (heavily wounded, fast, lightly drained, 75% to hit)
You throw a throwing net. The throwing net hits the manticore.
The manticore is caught in the net!
The manticore is heavily wounded.
The manticore struggles against the net.
The barbs in your skin will harm you if you move.
Continue? [Y]es or [N]o only, please.
The barbs in your skin will harm you if you move.
Continue?
Okay, then.
As you read the scroll of teleportation, it crumbles to dust.
You feel strangely unstable.
The manticore struggles against the net.
The howler monkey hoots and howls with incredible vigour!
The manticore struggles against the net.
The net rips apart, and the manticore comes free!
A slime creature comes into view.
A snapping turtle comes into view.
The snapping turtle hisses angrily.
The slime creature quivers.
You hear an angry buzzing noise.
You hear two shouts!
You shoot an arrow.
The arrow hits the manticore but does no damage.
The manticore seems to grow stronger.
The manticore is heavily wounded.
The snapping turtle changes into a sea snake!
The manticore bites you!!
You die...

.# ####.#
#....######
#..........
###..........
..#..'#########+#
#....#..#...#...#
###..#...#.#....##
# #..##.#...#..#@#
# #...#..#.#...#H#
###.#.###...#..#Dc#
....#..#.#.#...#hh#
###..>.##....#.#.#Z
#.#...##.#.#.#.#.#
#.#.#.##...#.#.#S.
#.#.# .#. #?# J#
###.#.. # ..[ ..


You could see a five-headed hydra, a sea snake shaped shifter, a slime creature,
a centaur warrior, a manticore (fast, strong, drained), 2 howler monkeys and a
wyvern simulacrum.

Vanquished Creatures
  A centaur warrior (D:8)
  A two-headed ogre (D:8)
  Pikel (D:5)
  A cyclops (D:9)
  An ugly thing (D:8)
  A kobold demonologist (D:8)
  A wind drake (shapeshifter) (D:8)
  A tarantella (shapeshifter) (D:5)
  A wyvern (D:8)
  3 yaks (D:9)
  2 steam dragons (D:8)
  Duvessa (D:5)
  4 water moccasins
  2 sky beasts (D:7)
  3 orc warriors (D:8)
  An ice beast (D:7)
  A black bear (D:6)
  2 centaurs
  2 ogres
  2 phantoms
  Blork the orc (D:6)
  5 kobold brigands (D:8)
  2 bullfrogs (D:8)
  10 wights
  Dowan (D:5)
  11 killer bees
  2 howler monkeys (D:7)
  7 hounds
  2 jellies (D:8)
  2 orc priests
  5 iguanas
  9 orc wizards
  7 gnolls
  6 adders
  A shadow imp (D:6)
  3 white imps
  An ufetubus (D:5)
  4 dart slugs
  17 orcs
  5 endoplasms
  2 giant cockroaches
  8 goblins
  5 hobgoblins
  7 jackals
  26 kobolds
  7 quokkas
  4 ball pythons
  6 bats
  5 frilled lizards
  5 rats
208 creatures vanquished.

Vanquished Creatures (others)
  A yak (D:8)
  2 foxfires (D:4)
  2 fungi (D:4)
5 creatures vanquished.

Grand Total: 213 creatures vanquished

Notes
Turn   | Place    | Note
-------+----------+-------------------------------------------
     0 | D:1      | Beavis the Demonspawn Hunter began the quest for the Orb.
     0 | D:1      | Reached XP level 1. HP: 16/16 MP: 1/1
   129 | D:1      | Gained mutation: You have sharp fingernails. [demonic
                  | ancestry]
   129 | D:1      | Reached XP level 2. HP: 15/22 MP: 2/2
   551 | D:1      | Gained mutation: You sometimes gain a little power by
                  | taking damage. [demonic ancestry]
   551 | D:1      | Reached XP level 3. HP: 28/28 MP: 3/3
   576 | D:1      | Found a faded altar of an unknown god.
   857 | D:2      | Found a radiant altar of Vehumet.
   869 | D:2      | Became a worshipper of Vehumet
  1288 | D:3      | Reached * piety under Vehumet
  1288 | D:3      | Offered knowledge of Foxfire by Vehumet.
  1290 | D:3      | Noticed an angel
  1291 | D:3      | Found a shimmering altar of Xom.
  1350 | D:3      | Gained mutation: You are partially covered in slimy green
                  | scales. (AC +2) [demonic ancestry]
  1350 | D:3      | Reached XP level 4. HP: 34/34 MP: 4/4
  1353 | D:3      | Reached skill level 3 in Fighting
  1972 | D:4      | Found a staircase to the Ecumenical Temple.
  1986 | D:4      | Reached XP level 5. HP: 36/41 MP: 5/5
  2025 | D:4      | Learned a level 1 spell: Foxfire
  2329 | D:4      | Noticed an ogre
  2342 | D:4      | Killed an ogre
  2492 | D:4      | Found a runed translucent door.
  2493 | D:4      | Noticed Crazy Yiuf
  2539 | D:4      | Reached skill level 4 in Fighting
  2573 | D:4      | Gained mutation: You are mostly covered in slimy green
                  | scales. (AC +3) [demonic ancestry]
  2573 | D:4      | Reached XP level 6. HP: 46/48 MP: 6/6
  2761 | D:5      | Entered Level 5 of the Dungeon
  2777 | D:5      | Found Tanit's Antique Weapon Boutique.
  2829 | D:5      | Noticed an ice beast
  2834 | D:5      | an ice beast changed into a glowing shapeshifter
  2834 | D:5      | Noticed a glowing shapeshifter (glowing shapeshifter)
  2834 | D:5      | a glowing shapeshifter changed into a skyshark
  2834 | D:5      | Noticed a skyshark (glowing shapeshifter)
  2836 | D:5      | a skyshark changed into a faun
  2836 | D:5      | Noticed a faun (glowing shapeshifter)
  2837 | D:5      | a faun changed into a snapping turtle
  2837 | D:5      | Noticed a snapping turtle (glowing shapeshifter)
  2840 | D:5      | a snapping turtle changed into a glowing shapeshifter
  2840 | D:5      | Noticed a glowing shapeshifter (glowing shapeshifter)
  2841 | D:5      | a glowing shapeshifter changed into a deep troll
  2841 | D:5      | Noticed a deep troll (glowing shapeshifter)
  2844 | D:5      | a deep troll changed into a glowing orange brain
  2844 | D:5      | Noticed a glowing orange brain (glowing shapeshifter)
  2849 | D:5      | a glowing orange brain changed into a skyshark
  2849 | D:5      | Noticed a skyshark (glowing shapeshifter)
  2850 | D:5      | a skyshark changed into a torpor snail
  2850 | D:5      | Noticed a torpor snail (glowing shapeshifter)
  2850 | D:5      | a torpor snail changed into an elephant
  2850 | D:5      | Noticed an elephant (glowing shapeshifter)
  2858 | D:5      | Reached ** piety under Vehumet
  2859 | D:5      | Reached skill level 5 in Ranged Weapons
  2963 | D:5      | Noticed a tarantella
  2970 | D:5      | Killed a tarantella
  2971 | D:5      | Reached XP level 7. HP: 45/55 MP: 7/7
  3041 | D:5      | Noticed Duvessa
  3044 | D:5      | Noticed Dowan
  3053 | D:5      | Killed Duvessa
  3053 | D:5      | Offered knowledge of Scorch by Vehumet.
  3054 | D:5      | Reached skill level 5 in Fighting
  3069 | D:5      | Killed Dowan
  3213 | D:5      | Noticed Pikel
  3229 | D:5      | Killed Pikel
  3230 | D:5      | Reached skill level 6 in Fighting
  3230 | D:5      | Reached skill level 5 in Dodging
  3230 | D:5      | Reached XP level 8. HP: 28/64 MP: 8/8
  4476 | D:6      | Reached skill level 7 in Fighting
  4534 | D:6      | Noticed Blork the orc
  4535 | D:6      | Reached XP level 9. HP: 67/72 MP: 9/9
  4546 | D:6      | Killed Blork the orc
  5146 | D:7      | Offered knowledge of Searing Ray by Vehumet.
  5219 | D:7      | Found a shimmering blue altar of Sif Muna.
  5431 | D:7      | Reached *** piety under Vehumet
  5432 | D:7      | Reached skill level 8 in Fighting
  5440 | D:7      | Found Omuxyem's General Store.
  6299 | D:8      | Offered knowledge of Frozen Ramparts by Vehumet.
  6300 | D:8      | Gained mutation: You have very sharp fingernails. [demonic
                  | ancestry]
  6300 | D:8      | Reached XP level 10. HP: 62/82 MP: 10/10
  6405 | D:8      | Noticed a cane toad
  6409 | D:8      | a cane toad changed into a black bear
  6409 | D:8      | Noticed a two-headed ogre
  6411 | D:8      | Noticed a centaur warrior
  6412 | D:8      | a black bear changed into a black mamba
  6412 | D:8      | Noticed a black mamba (shapeshifter)
  6414 | D:8      | a black mamba changed into a wind drake
  6425 | D:8      | Killed a centaur warrior
  6428 | D:8      | Reached skill level 9 in Fighting
  6453 | D:8      | Killed a two-headed ogre
  6543 | D:8      | Noticed a soul eater
  7114 | D:8      | Reached **** piety under Vehumet
  7133 | D:8      | Found a broken altar of Ashenzari.
  7306 | D:8      | Offered knowledge of Mephitic Cloud by Vehumet.
  7459 | D:9      | Noticed a cyan ugly thing
  7461 | D:9      | Noticed a two-headed ogre
  7485 | D:8      | Killed a cyan ugly thing
  7486 | D:8      | Reached skill level 10 in Fighting
  7738 | D:9      | Reached XP level 11. HP: 69/90 MP: 11/11
  7928 | D:9      | Noticed a five-headed hydra
  7937 | D:9      | Noticed a centaur warrior
  7946 | D:9      | a snapping turtle changed into a sea snake
  7946 | D:9      | Noticed a sea snake (shapeshifter)
  7946 | D:9      | Mangled by a manticore

Illustrated notes

Levels and vault maps discovered:
D:1:      dpeg_arrival_pits, layout_basic, chequers_ecumenical_altar_grove
D:2:      layout_basic, basic_altar
D:3:      layout_rooms, grunt_temple_overflow_order_and_chaos_1
D:4:      layout_gridville, minmay_temple_entry_waves, uniq_crazy_yiuf_cottage
D:5:      layout_loops_ring, serial_shops, nicolae_shop_trees,
          hangedman_decor_points, minmay_misc_feat_chi,
          hangedman_abyss_or_decor_lesser_grid, kennysheep_generic_room_15,
          uniq_duvessa, uniq_pikel
D:6:      layout_cave_pools, uniq_blork_the_orc
D:7:      layout_gridville, led_sif_book, serial_shops, shop,
          minmay_diced_spiral
D:8:      nzn_winding_woodlands_medium [nzn_winding_woodlands_5x5_default,
          nzn_winding_woodlands_5x15_parted,
          nzn_winding_woodlands_5x5_checkerboard,
          nzn_winding_woodlands_hourglass,
          nzn_winding_woodlands_center_triple_pond,
          nzn_winding_woodlands_5x5_cross, nzn_winding_woodlands_5x5_perimeter,
          nzn_winding_woodlands_5x15_crooked,
          nzn_winding_woodlands_5x5_open_star], layout_loops_ring,
          mainiacjoe_overflow_surrounded_room, grunt_ministairs_10
D:9:      minmay_the_grid_triangle_9x9_rhombus_thin_mashed
          [minmay_the_grid_triangle_9x9_subtriangle,
          minmay_the_grid_triangle_9x9_prize_center,
          minmay_the_grid_triangle_9x9_zippers_vertical,
          minmay_the_grid_triangle_9x9_wacky_v], layout_basic,
          nicolae_wu_jian_wuxing_cycle, minmay_overflow_temple_hex,
          lair_entry_dummy

Skill      XL: |  1  2  3  4  5  6  7  8  9 10 |
---------------+-------------------------------+-----
Dodging        | 2 3 4 5 6 7 9 |  9.4
Ranged Weapons | 4 5 6 7 8 9 |  9.9
Fighting       | 3 4 6 7 8 10 | 10.2
Stealth        | |  0.8

Action                     |  1- 3 |  4- 6 |  7- 9 | 10-12 || total
---------------------------+-------+-------+-------+-------++-------
   Fire: Shortbow          |   125 |   129 |   440 |   307 ||  1001
  Throw: Throwing net      |       |     2 |       |     1 ||     3
   Cast: Foxfire           |       |     1 |       |       ||     1
  Evoke: Wand              |       |     3 |       |       ||     3
    Use: Potion            |     1 |       |     2 |       ||     3
         Scroll            |       |    12 |     4 |     1 ||    17
 Armour: Leather armour    |    14 |    12 |    14 |       ||    40
         Robe              |       |       |    95 |    71 ||   166
  Dodge: Dodged            |    43 |    58 |   488 |   332 ||   921

Table legend: (Time is in decaauts)
 A = Elapsed time spent in this place.
 B = Non-inter-level travel time spent in this place.
 C = Inter-level travel time spent in this place.
 D = Time resting spent in this place.
 E = Time spent auto-exploring this place.
 F = Levels seen in this place.
 G = Mean time per level.
                   A        B        C        D        E       F      G
               +--------+--------+--------+--------+--------+-----+--------+
         Total |   8108 |   7853 |    255 |      2 |   6210 |   9 |  900.9 |
       Dungeon |   8108 |   7853 |    255 |      2 |   6210 |   9 |  900.9 |
               +--------+--------+--------+--------+--------+-----+--------+

Top non-repeatable levels by time:
     D:8: 1898 daAuts
     D:5: 1272 daAuts
     D:6: 1015 daAuts
     D:4: 997 daAuts
     D:1: 821 daAuts
     D:7: 817 daAuts
     D:3: 511 daAuts
     D:2: 501 daAuts
     D:9: 272 daAuts
